 Dungeon Crawl Stone Soup version 0.27.1-34-g3ba077fa99 (webtiles) character file.

Game seed: 117510809224594368

28 beerice the Chopper (level 2, 0/27 HPs)
             Began as a Minotaur Berserker on Jan 11, 2022.
             Was a Follower of Trog.
             Slain by a goblin (2 damage)
             ... led by Robin
             ... on level 2 of the Dungeon.
             The game lasted 00:28:09 (1729 turns).

beerice the Chopper (Minotaur Berserker)            Turns: 1729, Time: 00:28:10

Health: 0/27       AC:  3    Str: 21    XL:     2   Next: 96%
Magic:  1/1        EV: 12    Int:  4    God:    Trog [*.....]
Gold:   20         SH:  0    Dex:  9    Spells: 1/1 levels left

rFire    . . .     SeeInvis .   a - +0 hand axe
rCold    . . .     Faith    .   (no shield)
rNeg     . . .     Spirit   .   k - +0 leather armour
rPois    .         Reflect  .   (helmet restricted)
rElec    .         Harm     .   (no cloak)
rCorr    .         Rampage  .   (no gloves)
Will     .....                  (no boots)
Stlth    +.........             (no amulet)
HPRegen  0.09/turn              (no ring)
MPRegen  0.07/turn              (no ring)

@: no status effects
A: horns 2, retaliatory headbutt
a: Renounce Religion, Berserk


You were on level 2 of the Dungeon.
You worshipped Trog.
Trog was aware of your devotion.
You visited 1 branch of the dungeon, and saw 2 of its levels.

You collected 20 gold pieces.

Inventory:

Hand Weapons
 a - a +0 hand axe (weapon)
 c - a +0 dagger
 d - a +1 dagger of speed
 o - a +0 spear of flaming
 r - a +2 short sword of protection
Missiles
 f - 51 stones (quivered)
 m - 36 arrows
 n - 20 bolts
Armour
 b - a +0 animal skin
 e - a +0 helmet
 k - a +0 leather armour (worn)
Magical Staves
 p - a staff of poison
Jewellery
 l - an amulet of guardian spirit
Scrolls
 h - a scroll of vulnerability {unknown}
 i - a scroll of teleportation {unknown}
 j - a scroll of identify {unknown}
 s - a scroll of blinking {unknown}
Potions
 g - a potion of mutation {unknown}
 q - a potion of flight {unknown}
 t - a potion of cancellation {unknown}


   Skills:
 + Level 4.0 Fighting
 * Level 4.2 Axes
 + Level 2.8 Armour
 + Level 2.5 Dodging


You had one spell level left.
You didn't know any spells.
Your spell library contained the following spells:

 Spells                   Type           Power      Damage    Failure   Level
 Tukima's Dance           Hex            0%         N/A       89%         3
 Passage of Golubria      Tloc           N/A        N/A       100%        4
 Yara's Violent Unravell  Hex/Tmut       0%         3d3       100%        5


Dungeon Overview and Level Annotations

Branches:
Dungeon (2/15)

Altars:

Annotations:
D:2 Robin


Innate Abilities, Weirdness & Mutations

You have a pair of horns on your head.
You reflexively headbutt those who attack you in melee.


Message History

You hit the goblin.
You kill the goblin!
Trog accepts your kill.
You hit Robin but do no damage. You hit the hobgoblin.
The hobgoblin misses you.
A hobgoblin comes into view.
Robin hits you but does no damage.
The goblin unwields a +0 dagger.
The goblin wields a +0 hunting sling.
The goblin shoots a stone.
The stone barely misses you. Robin barely misses you.
Items here: )) ††.
Robin throws the goblin at you!
You hit the goblin but do no damage. You hit the hobgoblin.
The goblin no longer looks unusually strong. x2
The goblin hits you with a +0 dagger. The hobgoblin hits you.
You slash the goblin!
You kill the goblin!
Trog accepts your kill.
You hit the hobgoblin but do no damage. The hobgoblin hits you.
Robin throws the goblin at you! The goblin closely misses you.
You slash the goblin!
You kill the goblin!
Trog accepts your kill.
You hit the hobgoblin.
You kill the hobgoblin!
Trog accepts your kill.
The hobgoblin no longer looks unusually strong.
Robin throws the goblin at you! The goblin hits you but does no damage.
Your Fighting skill increases to level 4!
You hit the goblin but do no damage. The goblin hits you but does no damage.
Robin hits you from afar with a +0 spear.
* * * LOW HITPOINT WARNING * * *
You hit the goblin.
You kill the goblin!
Trog accepts your kill.
Robin hits you from afar with a +0 spear.
* * * LOW HITPOINT WARNING * * *
Robin throws the goblin at you!
The goblin unwields a +0 hunting sling.
The goblin wields a +0 dagger.
The goblin hits you with a +0 dagger.
You die...

#..#### .....#.#
#..##.## ##......#
#......# ##.......##
#..##.##
#.........#.
.....##.#
#...........
#####.##.#
#.$g........ #.##.#
#.......#
..##.#########)....#
...#.>...g@.)gg...##
#.############.#.##
#....# #....#
....... >.......
........# ###.?.###


You could see Robin, a hobgoblin and a goblin.

Vanquished Creatures
  A dart slug (D:1)
  4 ball pythons
  2 endoplasms (D:1)
  A hobgoblin (D:2)
  3 kobolds (D:1)
  2 bats (D:1)
  2 frilled lizards (D:1)
  9 goblins
  A rat (D:1)
25 creatures vanquished.

Notes
Turn   | Place    | Note
-------+----------+-------------------------------------------
     0 | D:1      | beerice the Minotaur Berserker began the quest for the Orb.
     0 | D:1      | Reached XP level 1. HP: 19/19 MP: 0/0
   585 | D:1      | Reached XP level 2. HP: 23/27 MP: 1/1
  1708 | D:2      | Noticed Robin
  1729 | D:2      | Slain by a goblin

Illustrated notes

Levels and vault maps discovered:
D:1:      lightli_arrival_statue_moat, layout_basic, chequers_decorated_corner
D:2:      minmay_wonky_spiral, layout_loops_ring, uniq_robin, uniq_jessica

Skill      XL: |  1  2 |
---------------+-------+-----
Axes           | 4 |  4.2
Fighting       | 4 |  4.0
Armour         | |  2.8
Dodging        | |  2.5

Action                   || total
-------------------------++-------
Melee: Hand axe          ||    48
       Headbutt          ||     5
Throw: Stone             ||     8
Armor: Animal skin       ||     1
       Leather armour    ||     9
Dodge: Dodged            ||    27
